 Dungeon Sprint DCSS version 0.19.1-1-g22dce08 (webtiles) character file.

109 dvd the Cudgeler (level 4, -21/49 HPs)
             Began as a Troll Berserker on Jan 12, 2017.
             Was a Priest of Trog.
             Demolished by an earth elemental (24 damage)
             ... summoned by a deep elf mage
             ... in the Dungeon (Sprint III: "The Ten Rune Challenge").
             The game lasted 00:01:16 (202 turns).

dvd the Cudgeler (Troll Berserker)                   Turns: 202, Time: 00:01:16

Health: -21/49     AC:  5    Str: 25    XL:     4   Next: 60%
Magic:  3/3        EV: 11    Int:  3    God:    Trog [***...]
Gold:   27         SH:  0    Dex: 10    Spells: 0 memorised, 3 levels left

rFire  . . .     SeeInvis .     a - +0 mace
rCold  . . .     Gourm    +     b - +0 animal skin
rNeg   . . .     Faith    .     (no shield)
rPois  .         Spirit   .     (helmet restricted)
rElec  .         Reflect  .     (no cloak)
rCorr  .         Harm     .     (gloves unavailable)
MR     .....     Rnd*Rage +     (boots unavailable)
Stlth  +......... NoTele   +    (no amulet)
                                (no ring)
                                (no ring)

@: no status effects
A: unfitting armour, antennae 1, claws 3, berserk 1, fast metabolism 3,
gourmand, regeneration 1, shaggy fur 1, tough skin 2
a: Berserk, Trog's Hand, Burn Spellbooks, Renounce Religion


You were in the Dungeon.
You worshipped Trog.
Trog was most pleased with you.
You were not hungry.

You visited 1 branch You collected 27 gold pieces.

Inventory:

Hand Weapons
 a - a +0 mace (weapon)
Armour
 b - a +0 animal skin (worn)
Scrolls
 i - a scroll of blinking
 k - a scroll of immolation {unknown}
 l - a scroll of identify {unknown}
 m - 3 scrolls of remove curse
 q - a scroll of holy word {unknown}
 r - a scroll of enchant armour {unknown}
Potions
 d - a potion of curing
 e - a potion of heal wounds
 f - a potion of haste
 g - 2 potions of magic
 h - a potion of berserk rage
 p - 3 potions of flight
Comestibles
 c - 3 bread rations
 n - 3 fruits


   Skills:
 + Level 4.9 Fighting
 + Level 5.9 Maces & Flails
 + Level 4.7 Dodging


You had 3 spell levels left.
You didn't know any spells.

Dungeon Overview and Level Annotations

Branches:
Dungeon (1/1)

Altars:
Elyvilon
Zin
The Shining One


Innate Abilities, Weirdness & Mutations

You are too large for most types of armour.
You have claws for hands.
Your metabolism is lightning-fast.
You like to eat raw meat.
Your natural rate of healing is unusually fast.
You are covered in fur. (AC +1)
You have very tough skin. (AC +2)
You have a pair of small antennae on your head.
You tend to lose your temper in combat.


Message History

You barely miss the deep elf mage.
The deep elf mage is moderately wounded.
The deep elf mage gestures wildly while chanting.
You closely miss the deep elf mage.
The deep elf mage is moderately wounded.
You feel less exhausted.
The deep elf mage hits you with a long sword of holy wrath.
You hit the deep elf mage.
The deep elf mage is moderately wounded.
The earth elemental hits you!
The deep elf mage gestures wildly while chanting.
You sock the deep elf mage!
The deep elf mage is heavily wounded.
The deep elf mage casts a spell at you. The bolt of magma hits you!
* * * LOW HITPOINT WARNING * * *
You barely miss the deep elf mage.
The deep elf mage is heavily wounded.
The earth elemental barely misses you. The earth elemental hits you!!
You die...

▓▓▓▓▓ ▓▓▓ #)..####
##.#####
#......#####..#E_E#
#.......#..#..#e@.#
##.##...#..#..###'#+###+#
##.###..##'#..#..........
###.##).###...'.⌠........
#..##..####...#...######+
...##..###....#.⌠.#{
..##...##.....#...#
.##....#......#+###
###..##.#.....#


You could see 2 earth elementals and a deep elf mage.

Vanquished Creatures
  A water elemental (D)
  Jessica (D)
  A human (D)
  An ooze (D)
  A phantom (D)
  2 rats (D)
7 creatures vanquished.

Vanquished Creatures (others)
  A draconian scorcher (D)
  Nessos (D)
  6 hellions (D)
  A yaktaur (D)
9 creatures vanquished.

Grand Total: 16 creatures vanquished

Notes
Turn   | Place    | Note
-------+----------+-------------------------------------------
     0 | D        | dvd the Troll Berserker began the quest for the Orb.
     0 | D        | Reached XP level 1. HP: 22/22 MP: 0/0
     8 | D        | Reached skill level 3 in Maces & Flails
    25 | D        | Noticed Jessica
    33 | D        | Reached ** piety under Trog
    35 | D        | Killed Jessica
    35 | D        | Reached skill level 4 in Maces & Flails
    35 | D        | Reached XP level 2. HP: 22/32 MP: 1/1
    35 | D        | Reached XP level 3. HP: 27/39 MP: 2/2
    43 | D        | Killed Nessos
    44 | D        | Killed a yaktaur
    81 | D        | Killed a hellion
    83 | D        | Killed a hellion
   137 | D        | Gained mutation: You are dopey. (Int -2) [potion of mutation]
   137 | D        | Gained mutation: Your magical capacity is low. (-10% MP) [potion of mutation]
   137 | D        | Gained mutation: You have a pair of small antennae on your head. [potion of mutation]
   138 | D        | Lost mutation: You are dopey. (Int -2) [potion of mutation]
   138 | D        | Lost mutation: Your magical capacity is low. (-10% MP) [potion of mutation]
   138 | D        | Gained mutation: You tend to lose your temper in combat. [potion of mutation]
   144 | D        | Noticed a water elemental
   151 | D        | Killed a water elemental
   151 | D        | Reached *** piety under Trog
   151 | D        | Reached skill level 5 in Maces & Flails
   151 | D        | Reached XP level 4. HP: 49/49 MP: 1/3
   154 | D        | Killed a hellion
   163 | D        | Killed a white draconian scorcher
   177 | D        | Killed a hellion
   178 | D        | Killed a hellion
   190 | D        | Found a glowing silver altar of Zin.
   190 | D        | Found a glowing golden altar of the Shining One.
   190 | D        | Found a white marble altar of Elyvilon.
   190 | D        | Killed a hellion
   191 | D        | Noticed a deep elf mage
   199 | D        | Noticed an earth elemental
   201 | D        | Noticed an earth elemental
   201 | D        | HP: 2/49 [deep elf mage/bolt of magma (23)]
   202 | D        | Demolished by an earth elemental

Skill      XL: |  1  2  3 |
---------------+----------+-----
Maces & Flails | 4 5 |  5.9
Fighting       | 3 4 |  4.9
Dodging        | 3 4 |  4.7

Action                   |  1- 3 |  4- 6 || total
-------------------------+-------+-------++-------
Melee: Mace              |    45 |    10 ||    55
Invok: Berserk           |     2 |       ||     2
       Trog's Hand       |     1 |       ||     1
  Use: Potion            |     4 |       ||     4
  Eat: Chunk             |     4 |       ||     4
Armor: Animal skin       |     5 |     2 ||     7
Dodge: Dodged            |    29 |     3 ||    32
